APP
DANVILLE BRAVES @ BILLINGS MUSTANGS
08/15/2044
 
TOP OF THE 1ST
Danville Braves batting - Pitching for Billings Mustangs : RHP Matt Johnson
Pitching: RHP Matt Johnson
Batting: LHB Erik Gretzky 0-0: Ball
1-0: Ball
2-0: Foul Ball, location: 2F
2-1: Foul Ball, location: 2F
2-2: Fly out, F9 (Flyball, 9D, EV 81.3 MPH)
Batting: LHB Oke Monti 0-0: Ball
1-0: Foul Ball, location: 2F
1-1: Fly out, F9 (Flyball, 9S, EV 83.8 MPH)
Batting: RHB Hisayuki Akiyama 0-0: Foul Ball, location: 2F
0-1: Ground out 4-3 (Groundball, 4, EV 98.8 MPH)
Top of the 1st over - 0 runs, 0 hits, 0 errors, 0 left on base; Danville 0 - Billings 0
BOTTOM OF THE 1ST
Billings Mustangs batting - Pitching for Danville Braves : RHP Ruben Arana
Pitching: RHP Ruben Arana
Batting: RHB Nick Miller 0-0: Ball
1-0: Foul Ball, location: 2F
1-1: Swinging Strike
1-2: Ball
2-2: Strikes out looking
Batting: LHB David Moore 0-0: Ball
1-0: Foul Ball, location: 2F
1-1: Foul Ball, location: 2F
1-2: Ball
2-2: Foul Ball, location: 2F
2-2: Foul Ball, location: 2F
2-2: Fly out, F9 (Flyball, 9D, EV 88.1 MPH)
Batting: LHB Jon Goddard 0-0: Reached on error, E6 (Groundball, 6, EV 88.1 MPH)
Batting: RHB Hector Maldonado 0-0: Called Strike
0-1: Swinging Strike
0-2: Ball
1-2: Fly out, F4 (Flyball, 34D, EV 70.0 MPH)
Bottom of the 1st over - 0 runs, 0 hits, 1 error, 1 left on base; Danville 0 - Billings 0
TOP OF THE 2ND
Danville Braves batting - Pitching for Billings Mustangs : RHP Matt Johnson
Batting: LHB Alexis Cantu 0-0: Ball
1-0: Foul Ball, location: 2F
1-1: Swinging Strike
1-2: Strikes out swinging
Batting: RHB Ingidayehu Lagat 0-0: Ball
1-0: Ball
2-0: Called Strike
2-1: Swinging Strike
2-2: SINGLE (Groundball, 56D, EV 106.9 MPH)
Batting: SHB Jordan Barragan Balk!
Ingidayehu Lagat to second
0-0: Ball
1-0: Swinging Strike
1-1: Ball
2-1: SINGLE (Groundball, 4M, EV 103.1 MPH) (infield hit)
Ingidayehu Lagat to third
Batting: RHB Armando Moz 0-0: Called Strike
Jordan Barragan steals 2nd base
0-1: Ground out 5-3 (Groundball, 56, EV 99.4 MPH)
Ingidayehu Lagat scores
Batting: SHB Ian Arlotta 0-0: Called Strike
0-1: Called Strike
0-2: Foul Ball, location: 2F
0-2: Ball
1-2: Ball
Wild Pitch!
Jordan Barragan to third
2-2: Ground out 4-3 (Groundball, 4, EV 85.6 MPH)
Top of the 2nd over - 1 run, 2 hits, 0 errors, 1 left on base; Danville 1 - Billings 0
BOTTOM OF THE 2ND
Billings Mustangs batting - Pitching for Danville Braves : RHP Ruben Arana
Batting: RHB Jay Jacobson 0-0: Called Strike
0-1: Ball
1-1: Ball
2-1: Swinging Strike
2-2: Foul Ball, location: 2F
2-2: Ball
3-2: Strikes out looking
Batting: RHB Jonathan Robies 0-0: Ball
1-0: Called Strike
1-1: Ground out 6-3 (Groundball, 6, EV 81.9 MPH)
Batting: RHB Yutaka Sato 0-0: Called Strike
0-1: Foul Ball, location: 2F
0-2: Ball
1-2: Strikes out swinging
Bottom of the 2nd over - 0 runs, 0 hits, 0 errors, 0 left on base; Danville 1 - Billings 0
TOP OF THE 3RD
Danville Braves batting - Pitching for Billings Mustangs : RHP Matt Johnson
Batting: RHB Adonis Jenifer 0-0: Swinging Strike
0-1: Called Strike
0-2: Foul Ball, location: 2F
0-2: Strikes out swinging
Batting: LHB Erik Gretzky 0-0: Fly out, F4 (Line Drive, 4, EV 61.3 MPH)
Batting: LHB Oke Monti 0-0: Called Strike
0-1: Called Strike
0-2: Foul Ball, location: 2F
0-2: Strikes out swinging
Top of the 3rd over - 0 runs, 0 hits, 0 errors, 0 left on base; Danville 1 - Billings 0
BOTTOM OF THE 3RD
Billings Mustangs batting - Pitching for Danville Braves : RHP Ruben Arana
Batting: RHB Mark Ortner 0-0: Ball
1-0: Called Strike
1-1: Fly out, F7 (Flyball, 7, EV 84.4 MPH)
Batting: RHB Cyd Carver 0-0: Called Strike
0-1: Swinging Strike
0-2: Ball
1-2: Ball
2-2: Ball
3-2: Strikes out swinging
Batting: RHB Nick Miller 0-0: SINGLE (Line Drive, 56, EV 95.6 MPH)
Batting: LHB David Moore 0-0: Ball
1-0: Ball
Nick Miller steals 2nd base
2-0: Ball
3-0: Called Strike
3-1: Foul Ball, location: 2F
3-2: Ground out 5-3 (Groundball, 56, EV 96.3 MPH)
Bottom of the 3rd over - 0 runs, 1 hit, 0 errors, 1 left on base; Danville 1 - Billings 0
TOP OF THE 4TH
Danville Braves batting - Pitching for Billings Mustangs : RHP Matt Johnson
Batting: RHB Hisayuki Akiyama 0-0: Called Strike
0-1: Foul Ball, location: 2F
0-2: Ball
1-2: Ball
2-2: Ground out 6-3 (Groundball, 6, EV 81.3 MPH)
Batting: LHB Alexis Cantu 0-0: Fly out, F7 (Flyball, 78D, EV 81.9 MPH)
Batting: RHB Ingidayehu Lagat 0-0: Called Strike
0-1: Swinging Strike
0-2: Strikes out swinging
Top of the 4th over - 0 runs, 0 hits, 0 errors, 0 left on base; Danville 1 - Billings 0
BOTTOM OF THE 4TH
Billings Mustangs batting - Pitching for Danville Braves : RHP Ruben Arana
Batting: LHB Jon Goddard 0-0: Ball
1-0: Ground out 4-3 (Groundball, 34, EV 86.3 MPH)
Batting: RHB Hector Maldonado 0-0: Ball
1-0: Ball
2-0: SINGLE (Line Drive, 8LS, EV 100.6 MPH)
Batting: RHB Jay Jacobson 0-0: Ball
1-0: Ball
2-0: Ball
3-0: Base on Balls
Hector Maldonado to second
Batting: RHB Jonathan Robies 0-0: Fly out, F4 (Popup, 4S, EV 81.9 MPH)
Batting: RHB Yutaka Sato 0-0: Foul Ball, location: 2F
0-1: DOUBLE (Popup, 4D, EV 71.9 MPH)
Hector Maldonado scores
Jay Jacobson to third
Batting: RHB Mark Ortner 0-0: Foul Ball, location: 2F
0-1: Ball
1-1: Foul Ball, location: 2F
1-2: Ball
2-2: Fly out, F8 (Flyball, 8RM, EV 90.0 MPH)
Bottom of the 4th over - 1 run, 2 hits, 0 errors, 2 left on base; Danville 1 - Billings 1
TOP OF THE 5TH
Danville Braves batting - Pitching for Billings Mustangs : RHP Matt Johnson
Batting: SHB Jordan Barragan 0-0: Ball
1-0: Called Strike
1-1: Called Strike
1-2: Ball
2-2: Foul Ball, location: 2F
2-2: Strikes out swinging
Batting: RHB Armando Moz 0-0: Swinging Strike
0-1: Swinging Strike
0-2: Ball
1-2: Strikes out looking
Batting: SHB Ian Arlotta 0-0: Called Strike
0-1: Ball
1-1: Called Strike
1-2: Foul Ball, location: 2F
1-2: Strikes out swinging
Top of the 5th over - 0 runs, 0 hits, 0 errors, 0 left on base; Danville 1 - Billings 1
BOTTOM OF THE 5TH
Billings Mustangs batting - Pitching for Danville Braves : RHP Ruben Arana
Batting: RHB Cyd Carver 0-0: Called Strike
0-1: Foul Ball, location: 2F
0-2: Ground out 6-3 (Groundball, 56, EV 81.9 MPH)
Batting: RHB Nick Miller 0-0: Ball
1-0: Foul Ball, location: 2F
1-1: Ball
2-1: Called Strike
2-2: Foul Ball, location: 2F
2-2: Ball
3-2: Strikes out swinging
Batting: LHB David Moore 0-0: Called Strike
0-1: Called Strike
0-2: Strikes out swinging
Bottom of the 5th over - 0 runs, 0 hits, 0 errors, 0 left on base; Danville 1 - Billings 1
TOP OF THE 6TH
Danville Braves batting - Pitching for Billings Mustangs : RHP Matt Johnson
Batting: RHB Adonis Jenifer 0-0: Foul Ball, location: 2F
0-1: Ball
1-1: Ball
2-1: Foul Ball, location: 2F
2-2: Fly out, F8 (Flyball, 78M, EV 83.1 MPH)
Batting: LHB Erik Gretzky 0-0: Called Strike
0-1: Foul Ball, location: 2F
0-2: Ball
1-2: Ball
2-2: Ball
3-2: Foul Ball, location: 2F
3-2: Strikes out swinging
Batting: LHB Oke Monti 0-0: DOUBLE (Groundball, 3L, EV 105.6 MPH)
Batting: RHB Hisayuki Akiyama 0-0: Called Strike
0-1: Swinging Strike
0-2: Ball
1-2: Strikes out swinging
Top of the 6th over - 0 runs, 1 hit, 0 errors, 1 left on base; Danville 1 - Billings 1
BOTTOM OF THE 6TH
Billings Mustangs batting - Pitching for Danville Braves : RHP Ruben Arana
Batting: LHB Jon Goddard 0-0: Called Strike
0-1: Swinging Strike
0-2: DOUBLE (Line Drive, 8RXD, EV 109.4 MPH)
Batting: RHB Hector Maldonado 0-0: Ball
1-0: Ground out 2-3 (Groundball, 2L, EV 63.1 MPH)
Jon Goddard to third
Batting: RHB Jay Jacobson 0-0: Swinging Strike
0-1: Foul Ball, location: 2F
0-2: Ball
1-2: Strikes out swinging
Batting: RHB Jonathan Robies 0-0: Ball
Wild Pitch!
Jon Goddard scores
1-0: Foul Ball, location: 2F
1-1: Ball
2-1: Foul Ball, location: 2F
2-2: Ball
3-2: Strikes out looking
Bottom of the 6th over - 1 run, 1 hit, 0 errors, 0 left on base; Danville 1 - Billings 2
TOP OF THE 7TH
Danville Braves batting - Pitching for Billings Mustangs : RHP Matt Johnson
Batting: LHB Alexis Cantu 0-0: DOUBLE (Groundball, 3L, EV 93.8 MPH)
Batting: RHB Ingidayehu Lagat 0-0: Swinging Strike
0-1: DOUBLE (Line Drive, 89M, EV 105.6 MPH)
Alexis Cantu scores
Batting: SHB Jordan Barragan 0-0: Called Strike
0-1: Foul Ball, location: 2F
0-2: Foul Ball, location: 2F
0-2: Ball
1-2: Ground out 4-3 (Groundball, 4M, EV 105.6 MPH)
Ingidayehu Lagat to third
Batting: RHB Armando Moz 0-0: Ball
1-0: Called Strike
1-1: Ball
2-1: Foul Ball, location: 2F
2-2: Foul Ball, location: 2F
2-2: Single, Error in OF, E7, batter to second base (Groundball, 6D, EV 95.6 MPH)
Ingidayehu Lagat scores
Batting: SHB Ian Arlotta 0-0: Intentional Walk
Batting: RHB Adonis Jenifer 0-0: Called Strike
0-1: Ball
1-1: Ball
2-1: Swinging Strike
2-2: Ball
3-2: Strikes out swinging
Pitching: RHP Juan Hernandez
Batting: LHB Erik Gretzky 0-0: Ball
1-0: Ball
2-0: Foul Ball, location: 2F
2-1: Foul Ball, location: 2F
2-2: Strikes out swinging
Top of the 7th over - 2 runs, 3 hits, 1 error, 2 left on base; Danville 3 - Billings 2
BOTTOM OF THE 7TH
Billings Mustangs batting - Pitching for Danville Braves : RHP Ruben Arana
Batting: RHB Yutaka Sato 0-0: Called Strike
0-1: Ball
1-1: Ball
2-1: Foul Ball, location: 2F
2-2: Strikes out looking
Batting: RHB Mark Ortner 0-0: Ball
1-0: Foul Ball, location: 2F
1-1: Ball
2-1: Foul Ball, location: 2F
2-2: Ground out 4-3 (Groundball, 4, EV 91.3 MPH)
Batting: RHB Cyd Carver 0-0: Ground out 3-1 (Groundball, 34, EV 87.5 MPH)
Bottom of the 7th over - 0 runs, 0 hits, 0 errors, 0 left on base; Danville 3 - Billings 2
TOP OF THE 8TH
Danville Braves batting - Pitching for Billings Mustangs : RHP Juan Hernandez
Pitching: RHP Tim Beck
Batting: LHB Oke Monti 0-0: Foul Ball, location: 2F
0-1: Ball
1-1: Ball
2-1: Swinging Strike
2-2: Ball
3-2: Strikes out swinging
Batting: RHB Hisayuki Akiyama 0-0: Ball
1-0: Called Strike
1-1: Ball
2-1: Ball
3-1: Base on Balls
Batting: LHB Alexis Cantu 0-0: Ball
Hisayuki Akiyama steals 2nd base
1-0: Intentional Walk
Batting: RHB Ingidayehu Lagat 0-0: Reached on error, E6 (Groundball, 6, EV 81.3 MPH)
Hisayuki Akiyama to third
Alexis Cantu to second
Batting: SHB Jordan Barragan 0-0: Ball
1-0: Swinging Strike
1-1: Foul Ball, location: 2F
1-2: Foul Ball, location: 2F
1-2: Foul Ball, location: 2F
1-2: Ball
2-2: Ball
3-2: Foul Ball, location: 2F
3-2: TRIPLE (Flyball, 89XD, EV 96.9 MPH)
Hisayuki Akiyama scores
Alexis Cantu scores
Ingidayehu Lagat scores
Batting: RHB Armando Moz 0-0: Called Strike
0-1: Called Strike
0-2: Ball
1-2: Ball
2-2: Foul Ball, location: 2F
2-2: Strikes out looking
Pitching: RHP Jaime Kijowski
Batting: SHB Ian Arlotta 0-0: Ball
1-0: Foul Ball, location: 2F
1-1: Foul Ball, location: 2F
1-2: SINGLE (Groundball, P, EV 82.5 MPH) (infield hit)
Jordan Barragan scores
Batting: RHB Adonis Jenifer 0-0: Ball
Ian Arlotta steals 2nd base (no throw)
1-0: Ball
2-0: Foul Ball, location: 2F
2-1: DOUBLE (Line Drive, 8RXD, EV 108.8 MPH)
Ian Arlotta scores
Batting: LHB Erik Gretzky 0-0: Called Strike
0-1: Ball
1-1: TRIPLE (Line Drive, 89XD, EV 100.0 MPH)
Adonis Jenifer scores
Batting: LHB Oke Monti 0-0: Swinging Strike
0-1: Ball
1-1: Ball
2-1: Ball
3-1: Base on Balls
Batting: RHB Hisayuki Akiyama 0-0: Ball
1-0: Swinging Strike
1-1: Ball
2-1: Ball
3-1: Base on Balls
Oke Monti to second
Pitching: LHP Paul Fuller
Batting: LHB Alexis Cantu 0-0: Called Strike
0-1: Foul Ball, location: 2F
0-2: Ball
1-2: Ball
2-2: Ball
3-2: Foul Ball, location: 2F
3-2: Foul Ball, location: 2F
3-2: Foul Ball, location: 2F
3-2: SINGLE (Groundball, 6MD, EV 101.3 MPH)
Erik Gretzky scores
Oke Monti to third
Hisayuki Akiyama to second
Oke Monti scores
Hisayuki Akiyama to third
Batting: RHB Ingidayehu Lagat 0-0: Ball
1-0: Ball
2-0: Ball
3-0: Called Strike
3-1: Foul Ball, location: 2F
3-2: 3-RUN HOME RUN (Line Drive, 9D, EV 101.9 MPH), Distance : 385 ft
Batting: SHB Jordan Barragan 0-0: Called Strike
0-1: Ball
1-1: Foul Ball, location: 2F
1-2: Ball
2-2: Strikes out swinging
Top of the 8th over - 11 runs, 6 hits, 1 error, 0 left on base; Danville 14 - Billings 2
BOTTOM OF THE 8TH
Billings Mustangs batting - Pitching for Danville Braves : RHP Ruben Arana
Pitching: RHP Geronimo Savio
Batting: RHB Nick Miller 0-0: Ball
1-0: Ball
2-0: Foul Ball, location: 2F
2-1: Ball
3-1: Foul Ball, location: 2F
3-2: Foul Ball, location: 2F
3-2: Base on Balls
Batting: LHB David Moore 0-0: Called Strike
0-1: Ball
1-1: Ball
2-1: Ball
3-1: Foul Ball, location: 2F
3-2: DOUBLE (Line Drive, 5D, EV 95.6 MPH)
Nick Miller to third
Batting: LHB Jon Goddard 0-0: Ball
1-0: Ball
2-0: Ball
3-0: Called Strike
3-1: Base on Balls
Batting: RHB Hector Maldonado 0-0: Called Strike
0-1: Swinging Strike
0-2: Ball
1-2: Ball
2-2: GRAND SLAM HOME RUN (Flyball, 78XD, EV 99.4 MPH), Distance : 393 ft
Pitching: RHP Jose Santos
Batting: RHB Jay Jacobson 0-0: Called Strike
0-1: Ground out 6-3 (Groundball, 6, EV 86.3 MPH)
Batting: RHB Jonathan Robies 0-0: Ball
1-0: Foul Ball, location: 2F
1-1: Called Strike
1-2: Strikes out swinging
Batting: RHB Yutaka Sato 0-0: Called Strike
0-1: DOUBLE (Groundball, 5L, EV 101.9 MPH)
Batting: RHB Mark Ortner 0-0: Foul Ball, location: 2F
0-1: Ball
1-1: Called Strike
1-2: DOUBLE (Line Drive, 89M, EV 93.8 MPH)
Yutaka Sato scores
Batting: RHB Cyd Carver 0-0: Ball
1-0: Foul Ball, location: 2F
1-1: Ground out 4-3 (Groundball, 4M, EV 99.4 MPH)
Bottom of the 8th over - 5 runs, 4 hits, 0 errors, 1 left on base; Danville 14 - Billings 7
TOP OF THE 9TH
Danville Braves batting - Pitching for Billings Mustangs : LHP Paul Fuller
Pitching: RHP Vladislav Prochazka
Batting: RHB Armando Moz 0-0: Ball
1-0: Ball
2-0: Ground out 6-3 (Groundball, 6, EV 90.0 MPH)
Batting: SHB Ian Arlotta 0-0: Ball
1-0: Swinging Strike
1-1: SINGLE (Line Drive, 78S, EV 109.4 MPH)
Batting: RHB Adonis Jenifer 0-0: Called Strike
Ian Arlotta steals 2nd base
0-1: Swinging Strike
0-2: Strikes out swinging, 2-3 out at first.
Batting: LHB Erik Gretzky 0-0: Ball
1-0: 2-RUN HOME RUN (Flyball, 9D, EV 96.9 MPH), Distance : 370 ft
Batting: LHB Oke Monti 0-0: Ball
1-0: Foul Ball, location: 2F
1-1: Foul Ball, location: 2F
1-2: Foul Ball, location: 2F
1-2: Ball
2-2: Ball
3-2: DOUBLE (Line Drive, 9LM, EV 108.8 MPH)
Batting: RHB Hisayuki Akiyama 0-0: SINGLE (Groundball, 6D, EV 98.1 MPH)
Oke Monti to third
Runner from 3rd tries for Home, SAFE, throw by LF to home
Pitching: RHP William Matthews
Batting: LHB Alexis Cantu 0-0: Foul Ball, location: 2F
0-1: Foul Ball, location: 2F
0-2: Foul Ball, location: 2F
0-2: Foul Ball, location: 2F
Balk!
Hisayuki Akiyama to second
0-2: Hit by Pitch
Batting: RHB Ingidayehu Lagat 0-0: DOUBLE (Flyball, 78D, EV 100.0 MPH)
Hisayuki Akiyama scores
Alexis Cantu to third
Runner from 3rd tries for Home, SAFE, no throw by LF
Batting: SHB Jordan Barragan 0-0: Called Strike
0-1: Ball
1-1: Ball
2-1: Ball
3-1: Base on Balls
Batting: RHB Armando Moz 0-0: Ball
1-0: Ball
2-0: Ball
3-0: Base on Balls
Ingidayehu Lagat to third
Jordan Barragan to second
Batting: SHB Ian Arlotta 0-0: Ball
1-0: Called Strike
1-1: Foul Ball, location: 2F
1-2: Ball
2-2: Ball
3-2: Fly out, F9 (Flyball, 9D, EV 100.6 MPH)
Top of the 9th over - 5 runs, 5 hits, 0 errors, 3 left on base; Danville 19 - Billings 7
BOTTOM OF THE 9TH
Billings Mustangs batting - Pitching for Danville Braves : RHP Jose Santos
Batting: RHB Nick Miller 0-0: Called Strike
0-1: Called Strike
0-2: Hit by Pitch
Batting: LHB David Moore 0-0: Ball
1-0: Called Strike
1-1: Ball
2-1: Ball
Passed Ball!
Nick Miller to second
3-1: Swinging Strike
3-2: Foul Ball, location: 2F
3-2: Ground out 6-3 (Groundball, 56, EV 103.1 MPH)
Batting: LHB Jon Goddard 0-0: Ball
1-0: Ball
2-0: Ball
3-0: Called Strike
3-1: Foul Ball, location: 2F
3-2: Base on Balls
Batting: RHB Hector Maldonado 0-0: Called Strike
0-1: Called Strike
0-2: Ball
1-2: Ball
2-2: Grounds into double play, 6-4-3 (Groundball, 6, EV 80.0 MPH)
Bottom of the 9th over - 0 runs, 0 hits, 0 errors, 1 left on base; Danville 19 - Billings 7
Thursday, March 31st , 2022 - OOTP Baseball 22.12 Build 89